 Dungeon Crawl Stone Soup version 0.30-a0-778-g2ef04afb54 (webtiles) character file.

Game seed: 11885142799683482777

4 Goldberg the Trooper (level 1, 18/18 HPs)
             Began as a Human Fighter on Feb 15, 2023.
             Quit the game on level 1 of the Dungeon.
             The game lasted 00:04:49 (85 turns).

Goldberg the Trooper (Human Fighter)                  Turns: 85, Time: 00:04:50

Health: 18/18      AC:  6    Str: 16    XL:     1   Next: 66%
Magic:  1/1        EV:  8    Int:  8    God:
Gold:   26         SH:  4    Dex: 12    Spells: 0/0 levels left

rFire   . . .      SeeInvis .    a - +0 rapier
rCold   . . .      Faith    .    c - +0 buckler
rNeg    . . .      Spirit   .    b - +0 scale mail
rPois   .          Reflect  .    (no helmet)
rElec   .          Harm     .    (no cloak)
rCorr   .          Rampage  .    (no gloves)
Will    .....                    (no boots) Stlth
                                 (no amulet)
HPRegen 0.23/turn                (no ring)
MPRegen 0.07/turn                (no ring)

@: no status effects
A: no striking features
a: no special abilities


You were on level 1 of the Dungeon.
You visited 1 branch of the dungeon, and saw 1 of its levels.

You collected 26 gold pieces.

Inventory:

Hand Weapons
 a - a +0 rapier (weapon)
 f - a +0 falchion
Armour
 b - a +0 scale mail (worn)
 c - a +0 buckler (worn)
 e - a +0 leather armour
Potions
 d - a potion of might


   Skills:
 + Level 3.1 Fighting
 + Level 2.0 Short Blades
 + Level 3.0 Armour
 + Level 3.0 Shields


You couldn't memorise any spells.
You didn't know any spells.
Your spell library was empty.

Dungeon Overview and Level Annotations

Branches:
Dungeon (1/15)

Altars:


Message History

You block the quokka's attack.
You hit the quokka.
You kill the quokka!
You see here a quokka corpse.
Okay, then.
You are a level 1 Human Fighter.
You are 66% of the way to level 2.
Play time: 00:00:49 (64 turns).
Zot will find you in 5934 turns if you stay in this branch and explore no new floors.
Sorry, you're not good enough to have a special ability.
Unknown command.
You don't know any spells.
Okay, then.
You aren't carrying any scrolls.
Okay, then.
You can't go up here!
You see here a quokka corpse.
You see here a quokka corpse.
Okay, then.
You see here a quokka corpse.
There are no objects that can be picked up here. a quokka corpse Unknown command.
Unknown command.
You are a level 1 Human Fighter.
You are 66% of the way to level 2.
Play time: 00:02:30 (72 turns).
Zot will find you in 5926 turns if you stay in this branch and explore no new floors.
You see here a quokka corpse.
There are no items here.
You see here a quokka corpse.
There are no objects that can be picked up here. a quokka corpse You see here a quokka corpse.
You see here a quokka corpse.
There are no objects that can be picked up here. a quokka corpse Char dumped successfully.
Unknown command.
Unknown command.
Unknown command.
Are you sure you want to abandon this character and quit the game? (Confirm with "yes".)

##..## ####.#
##...##.....#
##..........##
#............#
#....†.......#
#.............
##..........#.
###........##
#..@#.#..###
#.8...##..#
#..⌠....#...
#.8..##.###..
#....# ... ..
#....# #..
###..# . ##.#


There were no monsters in sight!

Vanquished Creatures
  2 endoplasms (D:1)
  A quokka (D:1)
3 creatures vanquished.

Notes
Turn   | Place    | Note
-------+----------+-------------------------------------------
     0 | D:1      | Goldberg the Human Fighter began the quest for the Orb.
     0 | D:1      | Reached XP level 1. HP: 18/18 MP: 1/1
    85 | D:1      | Quit the game

Illustrated notes

Levels and vault maps discovered:
D:1:      dpeg_arrival_tiny_a, layout_rooms, minmay_stone_trees_small,
          hangedman_feature_mirror, minmay_gold_behind_fungi,
          minmay_misc_feat_roman, minmay_ruptured

Action                     || total
---------------------------++-------
  Melee: Rapier            ||    10
 Armour: Scale mail        ||     3
  Dodge: Dodged            ||     4
  Block: Buckler           ||     2

Table legend: (Time is in decaauts)
 A = Elapsed time spent in this place.
 B = Non-inter-level travel time spent in this place.
 C = Inter-level travel time spent in this place.
 D = Time resting spent in this place.
 E = Time spent auto-exploring this place.
 F = Levels seen in this place.
 G = Mean time per level.
                   A        B        C        D        E       F      G
               +--------+--------+--------+--------+--------+-----+--------+
         Total |     86 |     85 |      1 |      0 |      0 |   1 |   86.0 |
       Dungeon |     86 |     85 |      1 |      0 |      0 |   1 |   86.0 |
               +--------+--------+--------+--------+--------+-----+--------+

Top non-repeatable levels by time:
     D:1: 86 daAuts
